 Dungeon Crawl Stone Soup version 0.18.1-6-gd335043 (webtiles) character file.

1733 kae the Archer (level 8, -7/52 HPs)
             Began as a High Elf Hunter on May 19, 2016.
             Was a Believer of Okawaru.
             Mangled by an orc warrior
             ... wielding a +0 glaive
              (14 damage)
             ... on level 7 of the Dungeon.
             The game lasted 00:10:20 (7064 turns).

kae the Archer (High Elf Hunter)                    Turns: 7064, Time: 00:10:21

Health: -7/52      AC:  8    Str: 11    XL:     8   Next: 76%
Magic:  9/9        EV: 16    Int: 16    God:    Okawaru [**....]
Gold:   126        SH:  0    Dex: 22    Spells: 0 memorised, 7 levels left

rFire  . . .     SeeInvis +     a - +3 shortbow
rCold  + . .     Gourm    .     s - +3 leather armour {MR+}
rNeg   . . .     Faith    .     (shield currently unavailable)
rPois  .         Spirit   .     (no helmet)
rElec  .         Dismiss  .     (no cloak)
rCorr  .         Reflect  .     (no gloves)
SustAt .         Harm     .     g - +1 pair of boots
MR     +....                    (no amulet)
Stlth  +++.......               y - ring of protection from cold
                                n - ring of see invisible

@: agile, very heavily drained, somewhat resistant to hostile enchantments,
fairly stealthy
A: no striking features
a: Heroism, Renounce Religion


You were on level 7 of the Dungeon.
You worshipped Okawaru.
Okawaru was pleased with you.
You were hungry.

You visited 1 branch of the dungeon, and saw 7 of its levels.

You collected 266 gold pieces.
You spent 140 gold pieces at shops.

Inventory:

Hand Weapons
 a - a +3 shortbow (weapon)
 b - a +0 falchion
 B - a +0 short sword
Missiles
 d - 35 arrows (quivered)
Armour
 g - a +1 pair of boots (worn)
 s - a +3 leather armour of magic resistance (worn)
Jewellery
 i - an uncursed ring of wizardry
 n - a ring of see invisible (left hand)
 y - a ring of protection from cold (right hand)
Wands
 r - a wand of lightning (9/15)
 v - a wand of lightning (2/15)
 D - a wand of confusion (41/48)
Scrolls
 q - a scroll of fog
 C - 2 scrolls of magic mapping
Potions
 c - 2 potions of cancellation
 h - a potion of brilliance
 k - a potion of might
 m - 3 potions of lignification
 o - 2 potions of mutation
 p - a potion of agility
 u - a potion of berserk rage
 x - 2 potions of haste
 z - a potion of resistance
 E - a potion of heal wounds {unknown}
Comestibles
 f - 5 bread rations
 j - 6 meat rations
 l - a fruit


   Skills:
 - Level 3.2(0.0) Fighting
 - Level 1.6(0.0) Short Blades
 - Level 1.0(0.0) Long Blades
 + Level 13.0(7.8) Bows
 - Level 2.2(0.0) Armour
 - Level 4.5(0.2) Dodging
 - Level 1.9(0.0) Stealth


You had 7 spell levels left.
You didn't know any spells.

Dungeon Overview and Level Annotations

Branches:
Dungeon (7/15)             Temple (0/1) D:6

Altars:
Gozag
Nemelex Xobeh
Okawaru
Pakellas
Qazlal
Ru
Sif Muna
Trog
Yredelemnul

Shops:
D:5 **}}[   D:6 (

Annotations:
D:1 1 runed door


Message History

Aim: an orc warrior, wielding a glaive and wearing a chain mail (severely wounded)
You shoot an arrow.
The arrow barely misses the orc warrior.
Drink which item? (? for menu, Esc to quit)
Okay, then.
Firing (i - inventory):
d - 37 arrows (quivered)
Press: ? - help, Shift-Dir - straight line, f/p - orc warrior
Aim: an orc warrior, wielding a glaive and wearing a chain mail (severely wounded)
You shoot an arrow.
The arrow hits the orc warrior but does no damage.
The orc warrior is severely wounded.
The orc warrior completely misses you.
Firing (i - inventory):
d - 36 arrows (quivered)
Press: ? - help, Shift-Dir - straight line, f/p - orc warrior
Aim: an orc warrior, wielding a glaive and wearing a chain mail (severely wounded)
You shoot an arrow.
The arrow hits the orc warrior but does no damage.
The orc warrior is severely wounded.
The orc warrior hits you from afar with a glaive!
You die...

..............?..
.....(............
..#............)..
#..#.#...........
..........((.. .#
#........###...# #.
#..........# #.#
#?.<....##.##.% #..
##..((@...>....
#.##..(.(.....##).
#..#...o.(.##.....
##.(.((###........
##.(..(>.#####.....
#..((.....# ##..
#.....((..# ..
#..(......#
#.........#


You could see an orc warrior.

Vanquished Creatures
  Duvessa (D:6)
  An orc warrior (D:6)
  A sky beast (D:6)
  2 ice beasts
  An ogre (D:6)
  2 centaurs
  2 giant frogs
  2 scorpions
  Dowan (D:6)
  A howler monkey (D:6)
  A crimson imp (D:7)
  2 orc priests (D:6)
  2 centaur skeletons (D:6)
  An iguana (D:6)
  4 orc wizards
  2 worker ants (D:4)
  13 gnolls
  9 adders
  2 shadow imps
  An adder zombie (D:6)
  2 adder skeletons
  2 worms
  2 dart slugs
  5 giant geckos
  17 orcs
  A ball python (D:6)
  7 bats
  6 giant cockroaches
  12 goblins
  6 hobgoblins
  2 quokkas (D:2)
  A giant gecko skeleton (D:7)
  5 giant newts
  10 kobolds
  A quokka skeleton (D:4)
  7 rats
137 creatures vanquished.

Notes
Turn   | Place    | Note
--------------------------------------------------------------
     0 | D:1      | kae the High Elf Hunter began the quest for the Orb.
     0 | D:1      | Reached XP level 1. HP: 14/14 MP: 2/2
     1 | D:1      | Found a runed door.
     2 | D:1      | Noticed a jelly
   268 | D:1      | Reached XP level 2. HP: 18/19 MP: 3/3
   859 | D:1      | Reached skill level 6 in Bows
   948 | D:1      | Reached XP level 3. HP: 24/24 MP: 4/4
  1378 | D:2      | Found a sacrificial altar of Ru.
  1384 | D:2      | Found an oddly glowing altar of Pakellas.
  1384 | D:2      | Found a bloodstained altar of Trog.
  1384 | D:2      | Found a sparkling altar of Nemelex Xobeh.
  1384 | D:2      | Found a deep blue altar of Sif Muna.
  1384 | D:2      | Found a stormy altar of Qazlal.
  1818 | D:3      | Reached XP level 4. HP: 30/30 MP: 5/5
  1936 | D:3      | Reached skill level 7 in Bows
  1970 | D:3      | Reached skill level 1 in Armour
  1988 | D:3      | Reached XP level 5. HP: 25/35 MP: 6/6
  2086 | D:3      | Found a basalt altar of Yredelemnul.
  2292 | D:3      | Reached skill level 8 in Bows
  2867 | D:4      | Reached XP level 6. HP: 40/41 MP: 7/7
  3348 | D:5      | Entered Level 5 of the Dungeon
  3401 | D:5      | Found Edeth's Gadget Boutique.
  3447 | D:5      | Found Gazuin's Gadget Boutique.
  3595 | D:5      | Reached skill level 9 in Bows
  3816 | D:5      | Reached skill level 1 in Short Blades
  3987 | D:5      | Found Gumass's Assorted Antiques.
  3990 | D:5      | Bought a scroll of identify for 54 gold pieces
  3990 | D:5      | Bought a scroll of identify for 54 gold pieces
  4097 | D:5      | Found an opulent altar of Gozag.
  4114 | D:5      | Found Gozag's Platinum Reserve.
  4225 | D:5      | Found Dazxoum's Antique Armour Boutique.
  4237 | D:5      | Bought a runed leather armour for 32 gold pieces
  4561 | D:6      | Reached XP level 7. HP: 22/45 MP: 8/8
  4827 | D:6      | Found an iron altar of Okawaru.
  4858 | D:6      | Became a worshipper of Warmaster Okawaru
  5080 | D:6      | Found a staircase to the Ecumenical Temple.
  5116 | D:6      | Noticed Dowan
  5118 | D:6      | Noticed Duvessa
  5127 | D:6      | Killed Dowan
  5127 | D:6      | Reached skill level 10 in Bows
  5136 | D:6      | HP: 3/69 [Duvessa/vampiric rapier (14)]
  5145 | D:6      | Killed Duvessa
  5394 | D:6      | Found Vaocuc's Weapon Boutique.
  5402 | D:6      | Reached skill level 1 in Long Blades
  5464 | D:6      | Reached * piety under Okawaru
  5464 | D:6      | Reached XP level 8. HP: 26/52 MP: 9/9
  5722 | D:6      | Reached skill level 11 in Bows
  5889 | D:7      | Noticed a two-headed ogre
  6258 | D:7      | Reached skill level 12 in Bows
  6567 | D:6      | Reached ** piety under Okawaru
  6572 | D:6      | Reached skill level 13 in Bows
  6652 | D:6      | HP: 2/52 [orc/mace of draining (5)]
  7064 | D:7      | Mangled by an orc warrior

Skill      XL: |  1  2  3  4  5  6  7  8 |
---------------+-------------------------+-----
Bows           | 6 7 8 9 10 13 | 13.0
Dodging        | 3 4 |  4.5
Armour         | 1 2 |  2.2
Short Blades   | 1 |  1.6
Fighting       | 3 |  3.2
Long Blades    | 1 |  1.0
Stealth        | |  1.9

Action                   |  1- 3 |  4- 6 |  7- 9 || total
-------------------------+-------+-------+-------++-------
Melee: Short sword       |    61 |    60 |       ||   121
       Falchion          |       |       |    40 ||    40
 Fire: Shortbow          |    71 |   155 |   205 ||   431
  Use: Scroll            |       |    21 |     2 ||    23
       Potion            |       |       |     8 ||     8
 Stab: Sleeping          |       |       |     1 ||     1
  Eat: Chunk             |     2 |     8 |     8 ||    18
Armor: Leather armour    |    25 |    18 |    32 ||    75
       Skin              |       |       |     8 ||     8
Dodge: Dodged            |    39 |    75 |    85 ||   199
